 Dungeon Crawl Stone Soup version 0.32-a0-931-g5a2cda0630 (webtiles) character file.

Game seed: 4228255815053762925

159817 zazu2006 the Skirmisher (level 16, 0/128 HPs)
             Began as a Gnoll Wanderer on Apr 13, 2024.
             Was a High Priest of Vehumet.
             Slain by a boulder beetle simulacrum (31 damage)
             ... on level 4 of the Spider Nest.
             The game lasted 01:55:57 (19856 turns).

zazu2006 the Skirmisher (Gnoll Wanderer)           Turns: 19856, Time: 01:55:58

Health: 0/128      AC: 14    Str: 14 (15) XL:     16   Next: 72%
Magic:  25/31      EV: 17    Int: 19      God:    Vehumet [*****.]
Gold:   1856       SH:  0    Dex: 16 (18) Spells: 11/38 levels left

rFire   . . .        y - +11 short sword "Zuxasewku" {flame, rCorr Int+6 Dex+3}
rCold   . . .        (no shield)
rNeg    . . .        h - +3 troll leather armour {Snorg}
rPois   +            p - +2 hat
rElec   .            g - +1 cloak {Will+}
rCorr   +            n - +1 pair of gloves
SInv    +            (no boots)
Will    ++...        G - amulet of magic regeneration
Stlth   +++++        U - ring of see invisible
HPRegen 1.21/turn    Q - ring of poison resistance
MPRegen 0.62/turn

%: no passive effects
@: slowed, very slow
A: fangs 1, strong nose, distributed training
}: 1/15 runes: gossamer
a: Renounce Religion


You were on level 4 of the Spider Nest.
You worshipped Vehumet.
Vehumet was extremely pleased with you.
You visited 5 branches of the dungeon, and saw 27 of its levels.

You collected 2178 gold pieces.
You spent 322 gold pieces at shops.

Inventory:

Hand Weapons
 m - a +3 arbalest of freezing
 y - the +11 short sword "Zuxasewku" (weapon) {flame, rCorr Int+6 Dex+3}
   (You found it on level 1 of the Spider Nest)

   Int+6:     It affects your intelligence (+6).
   Dex+3:     It affects your dexterity (+3).
   rCorr:     It protects you from acid and corrosion.
 z - a +2 orcbow of flaming
Missiles
 o - 3 javelins
 v - 4 poisoned darts
 B - 2 throwing nets
Armour
 g - a +1 cloak of willpower (worn)
 h - a +3 troll leather armour (worn) {Snorg}
 n - a +1 pair of gloves (worn)
 p - a +2 hat (worn)
Jewellery
 a - a ring of positive energy
 l - a +4 ring of protection
 G - an amulet of magic regeneration (around neck)
 Q - a ring of poison resistance (right hand)
 R - a ring of protection from cold
 U - a ring of see invisible (left hand)
Wands
 e - a wand of flame (31)
 f - a wand of roots (15)
 A - a wand of digging (19)
 J - a wand of light (10)
 K - a wand of mindburst (13)
 S - a wand of polymorph (13)
Scrolls
 b - 5 scrolls of silence {unknown}
 i - a scroll of noise {unknown}
 j - 2 scrolls of poison
 q - 3 scrolls of enchant armour {unknown}
 s - a scroll of revelation
 t - a scroll of vulnerability
 u - 2 scrolls of fog
 N - a scroll of butterflies
 P - 6 scrolls of teleportation
 V - a scroll of torment {unknown}
 Z - a scroll of enchant weapon {unknown}
Potions
 c - a potion of attraction {unknown}
 d - 2 potions of magic
 r - a potion of invisibility
 w - a potion of curing
 x - a potion of haste
 C - 4 potions of ambrosia
 D - 3 potions of enlightenment
 E - 2 potions of cancellation {unknown}
 F - 6 potions of heal wounds {unknown}
 L - 2 potions of berserk rage
 X - 4 potions of might
Miscellaneous
 I - a lightning rod (4/4)
 T - a phantom mirror


   Skills:
 + Level 12.3 Fighting
 + Level 11.5 Short Blades
 + Level 11.5 Long Blades
 + Level 11.8 Axes
 + Level 11.5 Maces & Flails
 + Level 11.5 Polearms
 + Level 11.5 Staves
 + Level 13.1 Ranged Weapons
 + Level 12.3 Throwing
 + Level 11.8 Armour
 + Level 11.5 Dodging
 + Level 11.5 Stealth
 + Level 11.5 Shields
 + Level 11.5 Unarmed Combat
 + Level 11.5 Spellcasting
 + Level 9.7 Conjurations
 + Level 9.7 Hexes
 + Level 9.7 Summonings
 + Level 9.7 Necromancy
 + Level 9.7 Translocations
 + Level 9.7 Fire Magic
 + Level 9.7 Ice Magic
 + Level 9.7 Air Magic
 + Level 9.7 Earth Magic
 + Level 9.7 Alchemy
 + Level 12.5 Invocations
 + Level 11.8 Evocations
 + Level 10.5 Shapeshifting


You had 11 spell levels left.
You knew the following spells:

 Your Spells              Type           Power      Damage    Failure   Level
a - Scorch                Fire           94%        2d8       1%          2
b - Mephitic Cloud        Conj/Alch/Air  47%        N/A       1%          3
c - Magic Dart            Conj           100%       1d8       1%          1
d - Freezing Cloud        Conj/Ice/Air   23%        6-21      1%          5
e - Dazzling Flash        Conj/Hex       94%        N/A       1%          3
f - Sticky Flame          Fire/Alch      47%        2d9       1%          4
g - Olgreb's Toxic Radia  Alch           47%        N/A       1%          4
h - Fireball              Conj/Fire      23%        3d11      1%          5

Your spell library contained the following spells:

 Spells                   Type           Power      Damage    Failure   Level
 Freeze                   Ice            100%       1d10      1%          1
 Summon Small Mammal      Summ           100%       N/A       1%          1
 Call Imp                 Summ           94%        N/A       1%          2
 Ensorcelled Hibernation  Hex/Ice        94%        N/A       1%          2
 Mercury Vapours          Alch/Air       94%        N/A       1%          2
 Sublimation of Blood     Necr           47%        N/A       1%          2
 Call Canine Familiar     Summ           47%        N/A       1%          3
 Frozen Ramparts          Ice            94%        1d15      1%          3
 Fugue of the Fallen      Necr           47%        N/A       1%          3
 Hailstorm                Conj/Ice       47%        3d10      1%          3
 Ozocubu's Armour         Ice            47%        N/A       1%          3
 Passwall                 Erth           47%        N/A       1%          3
 Volatile Blastmotes      Fire/Tloc      94%        2d17      1%          3
 Anguish                  Hex/Necr       23%        N/A       1%          4
 Flame Wave               Conj/Fire      47%        2d12      1%          4
 Leda's Liquefaction      Alch/Erth      23%        N/A       1%          4
 Petrify                  Alch/Erth      47%        N/A       1%          4
 Summon Blazeheart Golem  Fire/Summ      47%        N/A       1%          4
 Vhi's Electric Charge    Tloc/Air       94%        N/A       1%          4
 Metabolic Englaciation   Hex/Ice        23%        N/A       3%          5
 Bombard                  Conj/Erth      23%        9d4       6%          6
 Summon Cactus Giant      Summ           23%        N/A       22%         6
 Manifold Assault         Tloc           23%        N/A       75%         7
 Summon Hydra             Summ           23%        N/A       75%         7


Dungeon Overview and Level Annotations

Branches:
Dungeon (15/15)            Temple (1/1) D:5            Lair (5/5) D:8
  Swamp (0/4) Lair:3       Spider (4/4) Lair:3        Slime (0/5) Lair:4
    Orc (2/2) D:11            Elf (0/3) Orc:2        Depths (0/4) D:15
 Vaults: D:13-14

Altars:
Ashenzari
Cheibriados
Dithmenos
Elyvilon
Fedhas
Gozag
Hepliaklqana
Kikubaaqudgha
Makhleb
Nemelex Xobeh
Okawaru
Qazlal
Ru
Sif Muna
Trog
Uskayaw
Vehumet
Wu Jian
Xom
Yredelemnul
Zin
The Shining One
Jiyva

Shops:
D:1 [   D:7 =   D:11 (   D:12 :   Orc:2 ?[*[

Annotations:
D:9 2 transporters, Maxmaps's ghost, novice OpSh


Innate Abilities, Weirdness & Mutations

You have very sharp teeth.
Your uncanny sense of smell can sniff out nearby items.
Your experience applies equally to all skills.


Message History

Casting: Olgreb's Toxic Radiance (safe; 1% risk of failure)
Confirm with . or Enter, or press ? or * to list all spells.
Aiming: Sticky Flame (safe; 1% risk of failure)
Press: ? - help, Shift-Dir - straight line, f - boulder beetle simulacrum
Aim: a boulder beetle simulacrum The sticky flame hits the boulder beetle simulacrum.
The boulder beetle simulacrum is lightly damaged.
The jumping spider looks even sicker.
You kill the jumping spider!
Vehumet accepts your kill.
The orb spider looks even sicker.
The boulder beetle simulacrum burns!
A freezing mist starts to gather...
The jumping spider is engulfed in freezing vapours.
The jumping spider leaps!
The jorogumo is engulfed in freezing vapours.
The jorogumo hits you.
A jumping spider simulacrum comes into view.
Casting: Sticky Flame (safe; 1% risk of failure)
Confirm with . or Enter, or press ? or * to list all spells.
Aiming: Sticky Flame (safe; 1% risk of failure)
Press: ? - help, Shift-Dir - straight line, f - jumping spider simulacrum, p - boulder beetle simulacrum
Aim: a jumping spider simulacrum The sticky flame hits the jumping spider simulacrum!!
The jumping spider simulacrum melts!
The jumping spider simulacrum is almost destroyed.
The jumping spider looks as sick as possible!
Your toxic aura wanes.
The boulder beetle simulacrum burns!
The jumping spider simulacrum burns!
The jumping spider simulacrum vaporises!
You kill the jumping spider!
Vehumet accepts your kill.
You feel your power returning.
A freezing mist starts to gather...
The jorogumo is engulfed in freezing vapours.
The jorogumo hits you!
* * * LOW HITPOINT WARNING * * *
You feel yourself slow down.
The boulder beetle simulacrum bites you.
* * * LOW HITPOINT WARNING * * *
The boulder beetle simulacrum freezes you!!
You die...

###### ##..###.# #.
##..^..... .
###..#....#. #.
##..#..###.## ###..
#####..##^....^^#
B...s###.#..#..##...##..
#§Z°#..#†#..#.#### #^
#ZH○Z##^..... .
#...#@○.#.^##..^ . #..
###...#. .### #.
..##..#[ # ### ..... ∆
..# ∆ ∆


You could see a jorogumo (soul bound, very poisoned), an orb spider (soul bound,
very poisoned), a boulder beetle simulacrum (burning), a wolf spider simulacrum
and a jumping spider simulacrum.

Vanquished Creatures
  Arachne (Spider:3)
  Gastronok (Lair:2)
  7 emperor scorpions
  4 ghost moths
  An eleionoma (Lair:3)
  A spark wasp (Spider:3)
  An ettin (D:12)
  Snorg (D:10)
  A fire dragon (D:15)
  An ice dragon (D:15)
  4 hydras
  2 entropy weavers
  4 centaur warriors
  A radroach (Spider:3)
  4 catoblepae (Lair:5)
  Erica (D:11)
  3 ogre magi
  4 death yaks (Lair:5)
  14 two-headed ogres
  3 boulder beetles
  3 demonic crawlers
  3 orc high priests (Orc:2)
  A skyshark (Lair:3)
  A fire crab (Lair:5)
  Lodul (D:11)
  2 pharaoh ants (Spider:4)
  6 orb spiders
  A sun moth (Spider:2)
  2 steelbarb worms (Spider:4)
  9 orc knights
  An obsidian bat (Orc:2)
  A deep elf pyromancer (D:15)
  13 wolf spiders
  8 orc sorcerers
  2 manticores (Lair:5)
  6 ugly things (D:15)
  5 cyclopes
  3 meliai (Spider:3)
  A moth of wrath (Spider:2)
  4 black mambas
  6 kobold blastminers
  2 gargoyles
  A torpor snail (Spider:3)
  9 cane toads
  An unseen horror (D:10)
  6 komodo dragons
  A freezing wraith (D:12)
  3 kobold demonologists (D:9)
  A rime drake (Lair:5)
  An efreet (D:13)
  Psyche (D:9)
  A queen bee (shapeshifter) (D:12)
  2 trolls
  4 polar bears
  15 jumping spiders
  11 tarantellas
  12 culicivoras
  A slime creature (D:15)
  14 blink frogs
  64 yaks
  5 basilisks
  5 wraiths
  9 wyverns
  4 wargs
  29 redbacks
  9 vampire mosquitoes
  2 steam dragons
  13 water moccasins
  A sky beast (D:7)
  17 orc warriors
  5 ice beasts
  A black bear (D:8)
  2 laughing skulls (D:13)
  4 wolves (Lair:5)
  10 centaurs
  14 ogres
  A phantom (D:5)
  3 kobold brigands
  13 bullfrogs
  2 scorpions
  4 wights (D:9)
  4 killer bees (D:8)
  2 electric eels
  4 howler monkeys
  3 hounds
  3 jellies
  10 orc priests
  Crazy Yiuf (D:2)
  A sleepcap (D:5)
  2 iguanas
  Natasha (thrice) (D:2)
  16 orc wizards
  4 adders
  3 shadow imps
  A dart slug (D:1)
  A ribbon worm (D:2)
  52 orcs
  7 ball pythons
  9 endoplasms
  3 giant cockroaches
  5 goblins
  7 hobgoblins
  7 quokkas
  8 bats
  3 frilled lizards
  7 kobolds
  4 rats
611 creatures vanquished.

Vanquished Creatures (others)
  A broodmother (Spider:2)
  An orc priest (Orc:2)
  An orc wizard (Orc:2)
  3 orcs
6 creatures vanquished.

Grand Total: 617 creatures vanquished

Notes
Turn   | Place    | Note
-------+----------+-------------------------------------------
     0 | D:1      | zazu2006 the Gnoll Wanderer began the quest for the Orb.
     0 | D:1      | zazu2006 set off with the following items: a +2 sling, a +0
                  | hand axe, 12 poisoned darts, a +0 dagger, a scroll of fear,
                  | a +0 leather armour.
     0 | D:1      | Reached XP level 1. HP: 20/20 MP: 1/1
    34 | D:1      | Reached XP level 2. HP: 26/26 MP: 2/2
   226 | D:2      | Found a white marble altar of Elyvilon.
   232 | D:2      | Reached XP level 3. HP: 31/31 MP: 2/4
   259 | D:2      | Reached skill level 1 in Invocations
   290 | D:2      | Found a faded altar of an unknown god.
   564 | D:4      | Reached skill level 1 in Short Blades
   564 | D:4      | Reached skill level 1 in Long Blades
   564 | D:4      | Reached skill level 1 in Maces & Flails
   564 | D:4      | Reached skill level 1 in Polearms
   564 | D:4      | Reached skill level 1 in Staves
   564 | D:4      | Reached skill level 1 in Dodging
   564 | D:4      | Reached skill level 1 in Stealth
   564 | D:4      | Reached skill level 1 in Shields
   564 | D:4      | Reached skill level 1 in Unarmed Combat
   564 | D:4      | Reached skill level 1 in Spellcasting
   650 | D:4      | Noticed a scorpion
   659 | D:4      | Killed a scorpion
   660 | D:4      | Reached skill level 1 in Conjurations
   660 | D:4      | Reached skill level 1 in Hexes
   660 | D:4      | Reached skill level 1 in Summonings
   660 | D:4      | Reached skill level 1 in Necromancy
   660 | D:4      | Reached skill level 1 in Translocations
   660 | D:4      | Reached skill level 1 in Fire Magic
   660 | D:4      | Reached skill level 1 in Ice Magic
   660 | D:4      | Reached skill level 1 in Air Magic
   660 | D:4      | Reached skill level 1 in Earth Magic
   660 | D:4      | Reached skill level 1 in Alchemy
   660 | D:4      | Reached skill level 1 in Shapeshifting
   660 | D:4      | Reached XP level 4. HP: 13/38 MP: 4/6
   707 | D:4      | Reached XP level 5. HP: 27/43 MP: 7/7
   746 | D:5      | Entered Level 5 of the Dungeon
   752 | D:5      | Noticed an ogre
   770 | D:5      | Noticed a phantom
   780 | D:5      | Killed a phantom
   800 | D:5      | Reached XP level 6. HP: 28/50 MP: 8/8
   840 | D:5      | Reached skill level 5 in Fighting
   840 | D:5      | Reached skill level 5 in Throwing
   982 | D:5      | Found a staircase to the Ecumenical Temple.
   990 | Temple   | Entered the Ecumenical Temple
  1050 | D:5      | Found a sacrificial altar of Ru.
  1072 | D:5      | Reached XP level 7. HP: 56/56 MP: 10/10
  1176 | D:6      | Reached skill level 7 in Ranged Weapons
  1279 | D:6      | Found a white marble altar of Elyvilon.
  1579 | D:7      | Found a radiant altar of Vehumet.
  1593 | D:7      | Reached XP level 8. HP: 18/63 MP: 12/12
  1601 | D:7      | HP: 3/64 [poisoned by a water moccasin]
  1615 | D:7      | Became a worshipper of Vehumet
  1830 | D:7      | Learned a level 2 spell: Scorch
  1855 | D:7      | Found an iron altar of Okawaru.
  2081 | D:8      | Reached XP level 9. HP: 31/69 MP: 0/14
  2285 | D:9      | Found a transporter.
  2289 | D:9      | Found a transporter.
  2293 | D:9      | Noticed Maxmaps's ghost (novice OpSh)
  2294 | D:9      | Noticed a komodo dragon
  2296 | D:9      | Noticed a moth of wrath
  2331 | D:9      | Reached skill level 5 in Axes
  2331 | D:9      | Reached skill level 5 in Armour
  2331 | D:9      | Reached skill level 5 in Evocations
  2360 | D:9      | Noticed a cyclops
  2368 | D:9      | Killed a cyclops
  2369 | D:9      | Reached skill level 8 in Ranged Weapons
  2373 | D:9      | Learned a level 3 spell: Mephitic Cloud
  2515 | D:9      | Found an ornate altar of the Wu Jian Council.
  2523 | D:9      | Noticed a two-headed ogre
  2538 | D:9      | Noticed a kobold demonologist
  2540 | D:9      | Reached skill level 5 in Invocations
  2545 | D:9      | Killed a two-headed ogre
  2556 | D:9      | Killed a kobold demonologist
  2557 | D:9      | Reached skill level 5 in Short Blades
  2557 | D:9      | Reached skill level 5 in Long Blades
  2557 | D:9      | Reached skill level 5 in Maces & Flails
  2557 | D:9      | Reached skill level 5 in Polearms
  2557 | D:9      | Reached skill level 5 in Staves
  2557 | D:9      | Reached skill level 5 in Dodging
  2557 | D:9      | Reached skill level 5 in Stealth
  2557 | D:9      | Reached skill level 5 in Shields
  2557 | D:9      | Reached skill level 5 in Unarmed Combat
  2557 | D:9      | Reached skill level 5 in Spellcasting
  2557 | D:9      | Reached XP level 10. HP: 41/77 MP: 9/17
  2557 | D:9      | Noticed Psyche
  2642 | D:9      | Reached * piety under Vehumet
  2642 | D:9      | Offered knowledge of Magic Dart by Vehumet.
  2663 | D:9      | Learned a level 1 spell: Magic Dart
  2685 | D:9      | Noticed a kobold demonologist
  2799 | D:9      | Noticed a soul eater
  2799 | D:9      | Killed a kobold demonologist
  2801 | D:9      | Noticed a kobold demonologist
  2809 | D:9      | Killed a kobold demonologist
  2810 | D:9      | Reached skill level 5 in Shapeshifting
  2848 | D:10     | Entered Level 10 of the Dungeon
  2984 | D:10     | Noticed Snorg
  3344 | D:10     | Killed an unseen horror
  3345 | D:10     | Reached skill level 9 in Ranged Weapons
  3399 | D:11     | Noticed a cyclops
  3399 | D:11     | Found Ximumod's Antique Weapon Shoppe.
  3424 | D:10     | Reached skill level 5 in Conjurations
  3424 | D:10     | Reached skill level 5 in Hexes
  3424 | D:10     | Reached skill level 5 in Summonings
  3424 | D:10     | Reached skill level 5 in Necromancy
  3424 | D:10     | Reached skill level 5 in Translocations
  3424 | D:10     | Reached skill level 5 in Fire Magic
  3424 | D:10     | Reached skill level 5 in Ice Magic
  3424 | D:10     | Reached skill level 5 in Air Magic
  3424 | D:10     | Reached skill level 5 in Earth Magic
  3424 | D:10     | Reached skill level 5 in Alchemy
  3424 | D:10     | Reached XP level 11. HP: 85/85 MP: 16/20
  3458 | D:10     | Killed Snorg
  3639 | D:11     | Noticed a two-headed ogre
  3640 | D:11     | Killed a cyclops
  3664 | D:11     | Reached ** piety under Vehumet
  3664 | D:11     | Offered knowledge of Freeze by Vehumet.
  3774 | D:11     | Found a staircase to the Orcish Mines.
  3783 | Orc:1    | Entered Level 1 of the Orcish Mines
  3822 | D:11     | Noticed a two-headed ogre
  3831 | D:11     | Killed a two-headed ogre
  3902 | Orc:1    | Noticed an orc sorcerer
  4054 | Orc:1    | Killed an orc sorcerer
  4153 | Orc:2    | Entered Level 2 of the Orcish Mines
  4174 | Orc:2    | Noticed an orc knight
  4274 | Orc:1    | Killed an orc knight
  4290 | Orc:2    | Noticed an orc knight
  4292 | Orc:2    | Noticed an orc sorcerer
  4403 | Orc:2    | Noticed an orc knight
  4403 | Orc:2    | Noticed an orc sorcerer
  4424 | Orc:2    | Noticed a sun demon
  4473 | Orc:1    | Killed an orc knight
  4488 | Orc:2    | Noticed an orc sorcerer
  4611 | D:11     | Noticed Lodul
  4624 | D:11     | Killed Lodul
  4677 | D:12     | Reached XP level 12. HP: 59/94 MP: 11/22
  4892 | D:12     | Noticed a centaur warrior
  4901 | D:12     | Noticed a rakshasa
  4919 | D:12     | Noticed a two-headed ogre
  4935 | D:13     | Offered knowledge of Dazzling Flash by Vehumet.
  4977 | D:13     | Learned a level 5 spell: Freezing Cloud
  5018 | D:13     | Noticed a tengu warrior
  5023 | D:13     | Noticed a centaur warrior
  5023 | D:13     | Noticed a centaur warrior
  5098 | D:12     | Killed a centaur warrior
  5116 | D:12     | a basilisk changed into an entropy weaver
  5116 | D:12     | Noticed an entropy weaver (shapeshifter)
  5149 | D:12     | Reached skill level 10 in Ranged Weapons
  5255 | D:12     | Noticed an ettin
  5438 | D:13     | Killed a centaur warrior
  5453 | D:13     | Reached *** piety under Vehumet
  5459 | D:13     | Killed a centaur warrior
  5535 | D:15     | Entered Level 15 of the Dungeon
  5539 | D:15     | Noticed a five-headed hydra
  5547 | D:15     | Noticed a centaur warrior
  5552 | D:15     | Killed a five-headed hydra
  5616 | D:15     | Learned a level 3 spell: Dazzling Flash
  5679 | D:15     | Noticed a two-headed ogre
  5679 | D:15     | Noticed a two-headed ogre
  5679 | D:15     | Noticed a two-headed ogre
  5680 | D:15     | Noticed a two-headed ogre
  5680 | D:15     | Noticed a two-headed ogre
  5693 | D:15     | Killed a two-headed ogre
  5695 | D:15     | Killed a two-headed ogre
  5699 | D:15     | Killed a two-headed ogre
  5705 | D:15     | Noticed an ogre mage
  5718 | D:15     | Noticed a two-headed ogre
  5718 | D:15     | Killed an ogre mage
  5723 | D:15     | Killed a two-headed ogre
  5724 | D:15     | Reached XP level 13. HP: 60/101 MP: 19/25
  5738 | D:15     | Offered knowledge of Ignite Poison by Vehumet.
  5853 | D:15     | Found an ancient bone altar of Kikubaaqudgha.
  6048 | D:15     | Noticed an ice dragon
  6056 | D:15     | Killed an ice dragon
  6062 | D:15     | Noticed a fire dragon
  6079 | D:15     | Killed a fire dragon
  6087 | D:15     | Found a staircase to the Depths.
  6099 | D:15     | Got a smoky gem with 3381 turns to spare
  6267 | D:12     | Killed an ettin
  6298 | D:12     | Found Hejel's Book Emporium.
  6525 | D:12     | Reached **** piety under Vehumet
  7000 | D:11     | Noticed Erica
  7016 | D:11     | Killed Erica
  7017 | D:11     | Reached skill level 10 in Fighting
  7017 | D:11     | Reached skill level 11 in Ranged Weapons
  7017 | D:11     | Reached skill level 10 in Throwing
  7312 | D:9      | Killed Psyche
  7773 | D:8      | You fall into a shaft and drop 1 floor!
  7817 | D:8      | Found a staircase to the Lair.
  7845 | D:8      | Offered knowledge of Yara's Violent Unravelling by Vehumet.
  7872 | D:8      | Found a sparkling altar of Nemelex Xobeh.
  8175 | D:7      | Found an ancient bone altar of Kikubaaqudgha.
  8263 | D:7      | Found Kowisem's Jewellery Shoppe.
  8271 | D:7      | Bought a ring of poison resistance for 260 gold pieces
  9592 | D:5      | Found a glowing golden altar of the Shining One.
 10701 | D:2      | Noticed Natasha
 10703 | D:2      | Killed Natasha
 10725 | D:2      | Noticed Natasha
 10726 | D:2      | Killed Natasha
 10734 | D:2      | Noticed Natasha
 10740 | D:2      | Killed Natasha
 10767 | D:2      | Found a runed translucent door.
 10768 | D:2      | Noticed Crazy Yiuf
 10851 | D:2      | Killed Crazy Yiuf
 10883 | D:1      | Found Bodaping's Antique Armour Shoppe.
 10936 | D:1      | Reached ***** piety under Vehumet
 10945 | D:1      | Offered knowledge of Sticky Flame by Vehumet.
 11567 | Orc:1    | Learned a level 4 spell: Sticky Flame
 11891 | Orc:1    | Reached XP level 14. HP: 100/110 MP: 27/27
 11902 | Orc:1    | Reached skill level 10 in Invocations
 12054 | Orc:1    | Noticed an orc warlord
 12354 | Orc:2    | Found a staircase to the Elven Halls.
 12766 | Orc:2    | Found Couteo's Magic Scroll Boutique.
 12766 | Orc:2    | Found Vaeny's Armour Emporium.
 12773 | Orc:2    | Found Vecopoul's General Store.
 12773 | Orc:2    | Found Xoxagrao's Armour Boutique.
 12784 | Orc:2    | Bought a scroll of identify for 36 gold pieces
 12787 | Orc:2    | Bought a scroll of identify for 26 gold pieces
 12957 | Orc:2    | Offered knowledge of Olgreb's Toxic Radiance by Vehumet.
 12969 | Orc:2    | Learned a level 4 spell: Olgreb's Toxic Radiance
 13320 | Lair:1   | Entered Level 1 of the Lair of Beasts
 13390 | Lair:2   | Reached skill level 10 in Axes
 13390 | Lair:2   | Reached skill level 10 in Armour
 13390 | Lair:2   | Reached skill level 10 in Evocations
 13898 | Lair:5   | Entered Level 5 of the Lair of Beasts
 14019 | Lair:4   | Found a viscous altar of Jiyva.
 14020 | Lair:4   | Found a staircase to the Slime Pits.
 14112 | Lair:5   | Reached skill level 10 in Short Blades
 14112 | Lair:5   | Reached skill level 10 in Long Blades
 14112 | Lair:5   | Reached skill level 10 in Maces & Flails
 14112 | Lair:5   | Reached skill level 10 in Polearms
 14112 | Lair:5   | Reached skill level 10 in Staves
 14112 | Lair:5   | Reached skill level 10 in Dodging
 14112 | Lair:5   | Reached skill level 10 in Stealth
 14112 | Lair:5   | Reached skill level 10 in Shields
 14112 | Lair:5   | Reached skill level 10 in Unarmed Combat
 14112 | Lair:5   | Reached skill level 10 in Spellcasting
 14188 | Lair:5   | Reached XP level 15. HP: 118/118 MP: 23/29
 14226 | Lair:5   | Reached skill level 12 in Ranged Weapons
 14495 | Lair:5   | Got an earthy gem with 2583 turns to spare
 15926 | Lair:3   | Offered knowledge of Fireball by Vehumet.
 16004 | Lair:3   | Found a staircase to the Swamp.
 16293 | Lair:3   | Found a hole to the Spider Nest.
 16745 | Lair:2   | Noticed Gastronok
 16764 | Lair:2   | Killed Gastronok
 17967 | Spider:1 | Entered Level 1 of the Spider Nest
 18140 | Spider:1 | Identified the +11 short sword "Zuxasewku" {flame, rCorr
                  | Int+6 Dex+3}
 18192 | Spider:2 | Noticed an emperor scorpion
 18208 | Spider:2 | Killed an emperor scorpion
 18303 | Spider:2 | Reached skill level 10 in Shapeshifting
 18434 | Spider:3 | Reached XP level 16. HP: 52/127 MP: 18/30
 18477 | Spider:3 | Learned a level 5 spell: Fireball
 18499 | Spider:3 | Noticed Arachne
 18525 | Spider:3 | Killed Arachne
 18899 | Spider:4 | Entered Level 4 of the Spider Nest
 19317 | Spider:4 | Reached skill level 13 in Ranged Weapons
 19690 | Spider:4 | Got a milky-white gem with 756 turns to spare
 19695 | Spider:4 | Identified the +0 pair of gloves of the Turtle {Str-4
                  | Dex+5}
 19710 | Spider:4 | Got a gossamer rune of Zot
 19856 | Spider:4 | Slain by a boulder beetle simulacrum

Illustrated notes

Levels and vault maps discovered:
D:1:      dpeg_arrival_rooms_with_view, layout_rooms, serial_shops, shop,
          minmay_vboxes
D:2:      layout_rooms, dreamdust_ecumenical_altar_angels_and_demons,
          basic_altar, uniq_crazy_yiuf_cottage, uniq_natasha
D:3:      layout_basic
D:4:      layout_basic, kennysheep_nondescript
D:5:      layout_loops_ring, tso_oasis_becter, lemuel_crystal_altar,
          minmay_temple_entry_ruins
D:6:      layout_basic, elyvilon_altar_3
D:7:      layout_loops_corners, lemuel_coloured_pillars_altar,
          mainiacjoe_overflow_cross_hatched, lemuel_doored_altar, serial_shops,
          nicolae_shop_peninsula
D:8:      layout_basic, lemuel_round_altar, david_lair_shrubbed
D:9:      layout_roguey, mainiacjoe_overflow_catwalk,
          gammafunk_ghost_berserking_beasts, uniq_psyche
D:10:     layout_roguey, uniq_snorg
D:11:     layout_cave_pods, orc_0_dummy, serial_shops, shop, minivault_4,
          uniq_erica, uniq_lodul
D:12:     minmay_sliced_demisemicircle, layout_gridville, serial_shops, shop
D:13:     layout_cave_pods, david_vaults_1, nicolae_trove_entry_crystal,
          nicolae_shop_clearance
D:14:     layout_basic
D:15:     grunt_enter_depths_hoard, layout_irregular_city,
          kiku_gazebo_pond_becter
Temple:   nicolae_temple_ecumenical_triangle
Lair:1:   layout_cave_pods, serial_forest, infiniplex_forest_straight_1,
          infiniplex_forest_clump_double, infiniplex_forest_lined_corner,
          infiniplex_forest_straight_3, infiniplex_forest_lined_4_way,
          infiniplex_forest_end_2, infiniplex_forest_end_2,
          infiniplex_forest_diagonal, infiniplex_forest_side_room,
          infiniplex_staircase_pool_2
Lair:2:   layout_chaotic_city, eino_small_chamber_without_monster,
          uniq_gastronok
Lair:3:   layout_regular_city, alex1729_swamp_entry_worm_eleionoma,
          spider_nest_entry_funnel_web, roderic_carrion_pond, grunt_megastairs_5
Lair:4:   layout_roguey, slime_entry_1, grunt_forest_small_clearing_treed,
          serial_bayou_shore_b, lemuel_fruit_tree
Lair:5:   evilmike_catoblepas_cave, layout_misc_corridors, st_stairs_9
Spider:1: layout_chambers, ebering_ghost_reflecting_pool
Spider:2: layout_cave_pods
Spider:3: layout_chambers, uniq_arachne, uniq_roxanne
Spider:4: grunt_spider_rune_circles, nicolae_spider_shape
Orc:1:    layout_caves, serial_shops
Orc:2:    grunt_orc_tribal_feast, layout_caves

Skill      XL: |  1  2  3  4  5  6  7  8  9 10 11 12 13 14 15 16 |
---------------+-------------------------------------------------+-----
Invocations    | 1 2 3 4 5 6 7 8 9 10 11 12 | 12.5
Short Blades   | 1 2 3 5 6 7 8 9 10 11 | 11.5
Long Blades    | 1 2 3 5 6 7 8 9 10 11 | 11.5
Maces & Flails | 1 2 3 5 6 7 8 9 10 11 | 11.5
Polearms       | 1 2 3 5 6 7 8 9 10 11 | 11.5
Staves         | 1 2 3 5 6 7 8 9 10 11 | 11.5
Dodging        | 1 2 3 5 6 7 8 9 10 11 | 11.5
Stealth        | 1 2 3 5 6 7 8 9 10 11 | 11.5
Shields        | 1 2 3 5 6 7 8 9 10 11 | 11.5
Unarmed Combat | 1 2 3 5 6 7 8 9 10 11 | 11.5
Spellcasting   | 1 2 3 5 6 7 8 9 10 11 | 11.5
Conjurations   | 1 2 3 4 5 6 7 8 9 |  9.7
Hexes          | 1 2 3 4 5 6 7 8 9 |  9.7
Summonings     | 1 2 3 4 5 6 7 8 9 |  9.7
Necromancy     | 1 2 3 4 5 6 7 8 9 |  9.7
Translocations | 1 2 3 4 5 6 7 8 9 |  9.7
Fire Magic     | 1 2 3 4 5 6 7 8 9 |  9.7
Ice Magic      | 1 2 3 4 5 6 7 8 9 |  9.7
Air Magic      | 1 2 3 4 5 6 7 8 9 |  9.7
Earth Magic    | 1 2 3 4 5 6 7 8 9 |  9.7
Alchemy        | 1 2 3 4 5 6 7 8 9 |  9.7
Shapeshifting  | 1 2 3 4 5 6 7 8 9 10 | 10.5
Axes           | 3 4 5 6 7 8 9 10 11 | 11.8
Armour         | 3 4 5 6 7 8 9 10 11 | 11.8
Evocations     | 3 4 5 6 7 8 9 10 11 | 11.8
Fighting       | 5 6 7 8 9 10 11 12 | 12.3
Throwing       | 5 6 7 8 9 10 11 12 | 12.3
Ranged Weapons | 7 8 9 10 11 12 13 | 13.1

Action                     |  1- 3 |  4- 6 |  7- 9 | 10-12 | 13-15 | 16-18 || total
---------------------------+-------+-------+-------+-------+-------+-------++-------
  Melee: Dagger            |       |       |     2 |     2 |    10 |       ||    14
         Bite              |       |       |       |       |     3 |    20 ||    23
         Short sword       |       |       |       |       |       |   103 ||   103
   Fire: Sling             |    68 |    45 |    75 |       |       |       ||   188
         Orcbow            |       |       |    31 |   446 |   894 |    98 ||  1469
         Shortbow          |       |       |       |       |    61 |       ||    61
         Arbalest          |       |       |       |       |    29 |       ||    29
  Throw: Dart              |    12 |    12 |     9 |       |       |       ||    33
         Javelin           |       |       |       |     2 |       |       ||     2
   Cast: Scorch            |       |       |    11 |   102 |    79 |    14 ||   206
         Mephitic Cloud    |       |       |     1 |    63 |    86 |    38 ||   188
         Magic Dart        |       |       |       |     2 |     3 |       ||     5
         Freezing Cloud    |       |       |       |     1 |    56 |    21 ||    78
         Dazzling Flash    |       |       |       |       |     6 |     8 ||    14
         Sticky Flame      |       |       |       |       |    82 |    25 ||   107
         Olgreb's Toxic Ra |       |       |       |       |    18 |    10 ||    28
         Fireball          |       |       |       |       |       |     1 ||     1
  Evoke: Wand              |       |       |    13 |     8 |     4 |     2 ||    27
         Lightning rod     |       |       |       |     7 |     1 |     4 ||    12
    Use: Potion            |       |     3 |     1 |       |     1 |     3 ||     8
         Scroll            |       |     2 |     4 |     8 |     9 |     1 ||    24
   Stab: Paralysed         |       |       |     1 |     1 |     2 |       ||     4
         Sleeping          |       |       |     1 |     1 |     2 |     1 ||     5
         Invisible         |       |       |       |       |     2 |     6 ||     8
         Confused          |       |       |       |       |       |     8 ||     8
 Armour: Leather armour    |    27 |    39 |    90 |     3 |       |       ||   159
         Troll leather arm |       |       |       |   304 |   467 |   213 ||   984
  Dodge: Dodged            |    21 |    36 |    81 |   210 |   420 |   185 ||   953

Table legend: (Time is in decaauts)
 A = Elapsed time spent in this place.
 B = Non-inter-level travel time spent in this place.
 C = Inter-level travel time spent in this place.
 D = Time resting spent in this place.
 E = Time spent auto-exploring this place.
 F = Levels seen in this place.
 G = Mean time per level.
                   A        B        C        D        E       F      G
               +--------+--------+--------+--------+--------+-----+--------+
         Total |  19892 |  18526 |   1366 |    877 |   9053 |  27 |  736.7 |
       Dungeon |  11102 |  10244 |    858 |    247 |   5668 |  15 |  740.1 |
        Temple |     19 |      9 |     10 |      0 |      0 |   1 |   19.0 |
          Lair |   4643 |   4246 |    397 |      3 |   2540 |   5 |  928.6 |
   Spider Nest |   1807 |   1807 |      0 |      0 |    144 |   4 |  451.8 |
  Orcish Mines |   2318 |   2219 |     99 |    627 |    701 |   2 | 1159.0 |
               +--------+--------+--------+--------+--------+-----+--------+

Top non-repeatable levels by time:
   Orc:2: 1356 daAuts
     D:7: 1257 daAuts
    D:11: 1169 daAuts
    D:12: 1138 daAuts
     D:9: 1001 daAuts
  Lair:4: 988 daAuts
   Orc:1: 962 daAuts
  Lair:3: 950 daAuts
  Lair:5: 929 daAuts
  Lair:1: 924 daAuts
     D:6: 862 daAuts
  Lair:2: 850 daAuts
     D:5: 812 daAuts
     D:8: 778 daAuts
Spider:3: 772 daAuts
